WCHLSIM.com - West Coast Hockey League
html PUBLIC "-//W3C//DTD XHTML 1.0 Transitional//EN" "http://www.w3.org/TR/xhtml1/DTD/xhtml1-transitional.dtd"> WCHL - Game 597 - SAN DIEGO THUNDER vs SACRAMENTO BANDITS

SAN DIEGO THUNDER vs SACRAMENTO BANDITS

Created - 6 janvier 2024 at 00:01

Goals
1 2 3 T
SAN DIEGO THUNDER 1 0 0 1
SACRAMENTO BANDITS 3 1 0 4
Shots
1 2 3 T
SAN DIEGO THUNDER 12 9 6 27
SACRAMENTO BANDITS 11 8 18 37

1st period

1. SACRAMENTO BANDITS , Marcus Johansson 7 (Blake Wheeler 22, Mark Scheifele 20) at 4:23 (PP)
2. SACRAMENTO BANDITS , Nico Hischier 16 (Rasmus Sandin 8, Janis Moser 13) at 5:26
3. SAN DIEGO THUNDER , Joel Farabee 7 (Wyatt Johnston 11, Adam Boqvist 6) at 8:56
4. SACRAMENTO BANDITS , Patrick Kane 11 (Nico Hischier 22, David Perron 17) at 9:04

Penalties :
Connor Murphy (SDG) for High sticking (Minor) at 3:04, Patrick Maroon (SAC) for Hooking (Minor) at 14:33

2nd period

5. SACRAMENTO BANDITS , Blake Wheeler 15 (Mark Scheifele 21) at 6:40 (PP)

Penalties :
Erik Cernak (SDG) for Slashing (Minor) at 5:11, Marc-Edouard Vlasic (SAC) for Hooking (Minor) at 13:46, Ryan McDonagh (SAC) for Tripping (Minor) at 16:43

3rd period

No Goal

Penalties :
Connor Murphy (SDG) for Boarding (Minor) at 10:56, Elmer Soderblom (SDG) for Hooking (Minor) at 14:42

Goalie Stats

Akira Schmid (SDG), 25 saves from 29 shots - (0,862), L, 4-4-1, 56:06 minutes
Connor Hellebuyck (SDG), 8 saves from 8 shots - (1,000), 3:54 minutes
Louis Domingue (SAC), 26 saves from 27 shots - (0,963), W, 7-2-0, 60:00 minutes

Players Stats for SAN DIEGO THUNDER

Player Name              G  A  P  +/- PIM S  H  SB GA TA FO     MP     PP MP  PK MP  
------------------------------------------------------------------------------------
Adam Boqvist             0  1  1   1  0   0  1  1  0  0  0/0    14:49   0:38   0:04 
Alexandre Carrier        0  0  0   1  0   0  2  2  0  0  0/0    16:52   0:38   2:07 
Charles McAvoy           0  0  0  -1  0   1  0  3  0  0  0/0    24:00   2:10   4:21 
Connor Murphy            0  0  0  -1  4   0  2  0  0  0  0/0    20:15   3:09   1:27 
Denis Malgin             0  0  0   0  0   0  0  0  0  0  0/0     0:00   0:00   0:00 
Derek Forbort            0  0  0  -1  0   1  0  0  0  0  0/0    21:11   3:09   2:21 
Drake Batherson          0  0  0   0  0   4  3  0  0  0  6/26   24:25   2:48   4:15 
Elmer Soderblom          0  0  0  -1  2   0  1  0  0  0  0/1    11:33   2:10   0:00 
Erik Cernak              0  0  0  -1  2   0  4  1  0  0  0/0    22:50   2:10   3:12 
Filip Zadina             0  0  0  -2  0   1  0  0  0  0  0/1    16:54   0:00   0:00 
Frank Vatrano            0  0  0   0  0   4  6  0  0  0  0/2    19:58   3:09   0:00 
Isac Lundestrom          0  0  0   0  0   2  0  1  0  0  0/2    19:58   3:09   0:00 
Jake Neighbours          0  0  0   1  0   0  3  0  0  0  1/2    13:34   0:00   0:00 
Joel Farabee             1  0  1   1  0   6  1  1  0  0  0/5    18:53   2:48   2:31 
Mark Kastelic            0  0  0  -1  0   1  0  0  0  0  7/9     8:08   0:38   0:00 
Michael Pezzetta         0  0  0  -1  0   1  0  0  0  0  0/1     7:30   0:00   0:00 
Steven Lorentz           0  0  0  -1  0   2  1  1  0  0  3/13   13:39   0:00   4:15 
Wyatt Johnston           0  1  1   1  0   4  0  0  0  0  8/23   18:41   3:09   2:31 

Players Stats for SACRAMENTO BANDITS

Player Name              G  A  P  +/- PIM S  H  SB GA TA FO     MP     PP MP  PK MP  
------------------------------------------------------------------------------------
Alex Chiasson            0  0  0   0  0   0  0  0  0  0  1/1    11:32   0:00   0:00 
Blake Wheeler            1  1  2   0  0   4  2  0  0  0  1/1    17:27   2:47   0:00 
Brendan Smith            0  0  0  -1  0   1  1  2  0  0  0/0    17:04   0:00   2:26 
Christian Fischer        0  0  0  -1  0   0  0  0  0  0  2/6     4:48   0:00   0:00 
Dante Fabbro             0  0  0  -1  0   0  0  0  0  0  0/0    14:38   0:00   0:00 
David Perron             0  1  1   2  0   4  1  0  0  0  2/2    23:18   3:59   3:02 
Dominik Kubalik          0  0  0  -1  0   0  0  0  0  0  0/0     4:48   0:00   0:00 
Eetu Luostarinen         0  0  0   0  0   5  1  0  0  0  5/13   11:32   0:00   0:00 
Janis Moser              0  1  1   2  0   1  0  2  0  0  0/0    21:45   3:23   2:31 
Jonathan Huberdeau       0  0  0   0  0   4  1  0  0  0  0/0    11:32   0:00   0:00 
Marc-Edouard Vlasic      0  0  0   0  2   0  0  1  0  0  0/0    22:27   3:23   2:17 
Marcus Johansson         1  0  1   0  0   4  0  0  0  0  1/1    17:27   2:47   0:00 
Mark Scheifele           0  2  2   0  0   4  0  0  0  0  19/28  20:22   2:47   2:55 
Nico Hischier            1  1  2   2  0   4  1  2  0  0  27/30  23:11   3:59   2:55 
Patrick Kane             1  0  1   2  0   3  0  0  0  0  2/2    23:18   3:59   3:02 
Patrick Maroon           0  0  0  -1  2   0  4  0  0  0  0/1     4:47   0:00   0:00 
Rasmus Sandin            0  1  1   2  0   0  0  0  0  0  0/0    21:45   3:23   2:31 
Ryan McDonagh            0  0  0   0  2   3  1  1  0  0  0/0    22:19   3:23   2:09 

3 Stars

1 - Nico Hischier (SAC)
2 - Blake Wheeler (SAC)
3 - Patrick Kane (SAC)

Power Play

SAN DIEGO THUNDER - 0 on 3 Attempt(s) - 0,00%
SACRAMENTO BANDITS - 2 on 4 Attempt(s) - 50,00%

Penalty Kill

SAN DIEGO THUNDER - 2 on 4 Attempt(s) - 50,00% - Score 0 goal in Penalty Kill
SACRAMENTO BANDITS - 3 on 3 Attempt(s) - 100,00% - Score 0 goal in Penalty Kill

Team Stat

SAN DIEGO THUNDER - Hits : 24 - Faceoff Wins : 25 - Blocked Shots : 10 - Penalty Minutes : 8
SACRAMENTO BANDITS - Hits : 12 - Faceoff Wins : 60 - Blocked Shots : 8 - Penalty Minutes : 6

Official

Referees : Dan Kelly and Tim Mayer
Linesman : Julien Fournier and Shaun Morgan

Game Notes

Akira Schmid is injured at 16:06 of 3rd period (Back Spasms)
Connor Hellebuyck enters game at 16:06 of 3rd period

Finance

Level 1 -- Attendance: 6205 (100,00%) -- Ticket Income 992 800 $
Level 2 -- Attendance: 3935 (74,53%) -- Ticket Income 550 900 $
Level 3 -- Attendance: 1642 (76,91%) -- Ticket Income 197 040 $
Level 4 -- Attendance: 3023 (70,63%) -- Ticket Income 272 070 $
Luxury Box -- Attendance: 1010 (100,00%) -- Ticket Income 303 000 $
Game was played at the Sacramento Center Palace.
Total Attendance: 15815 (83,63%)
Total Ticket Income: 2 315 810 $
Other Expense: 23 158 $
Total Income: 2 292 652 $

SAN DIEGO THUNDER

5 vs 5 Forward 
   Center                   Left Wing                Right Wing               Time % Phy DF OF 
 1 Drake Batherson          Isac Lundestrom          Frank Vatrano            36     1   1  3  
 2 Wyatt Johnston           Jake Neighbours          Joel Farabee             31     1   1  3  
 3 Steven Lorentz           Elmer Soderblom          Filip Zadina             23     1   1  3  
 4 Mark Kastelic            Michael Pezzetta         Filip Zadina             10     1   1  3  

5 vs 5 Defense 
   Defense                  Defense                                           Time % Phy DF OF 
 1 Charles McAvoy           Erik Cernak                                       36     1   2  2  
 2 Connor Murphy            Derek Forbort                                     31     1   2  2  
 3 Adam Boqvist             Alexandre Carrier                                 23     1   2  2  
 4 Charles McAvoy           Erik Cernak                                       10     1   2  2  

PowerPlay Forward 
   Center                   Left Wing                Right Wing               Time % Phy DF OF 
 1 Drake Batherson          Elmer Soderblom          Joel Farabee             55     0   1  4  
 2 Wyatt Johnston           Isac Lundestrom          Frank Vatrano            45     0   1  4  

PowerPlay Defense
   Defense                  Defense                                           Time % Phy DF OF 
 1 Charles McAvoy           Erik Cernak                                       55     1   2  2  
 2 Connor Murphy            Derek Forbort                                     45     1   2  2  

Penalty Kill 4 Players Forward 
   Center                   Wing                     Time % Phy DF OF 
 1 Drake Batherson          Steven Lorentz           55     1   2  2  
 2 Joel Farabee             Wyatt Johnston           45     1   2  2  

Penalty Kill 4 Players Defense
   Defense                  Defense                  Time % Phy DF OF 
 1 Charles McAvoy           Erik Cernak              55     1   2  2  
 2 Connor Murphy            Derek Forbort            45     1   2  2  

Penalty Kill - 3 Players Forward 
   Forward                                           Time % Phy DF OF 
 1 Drake Batherson                                   55     1   2  2  
 2 Steven Lorentz                                    45     1   2  2  

Penalty Kill - 3 Players Defense
   Defense                  Defense                  Time % Phy DF OF 
 1 Charles McAvoy           Erik Cernak              55     1   2  2  
 2 Connor Murphy            Derek Forbort            45     1   2  2  

4 vs 4 Forward 
   Center                   Wing                     Time % Phy DF OF 
 1 Drake Batherson          Elmer Soderblom          55     1   2  2  
 2 Joel Farabee             Wyatt Johnston           45     1   2  2  

4 vs 4 Defense
   Defense                  Defense                  Time % Phy DF OF 
 1 Charles McAvoy           Erik Cernak              55     1   2  2  
 2 Connor Murphy            Derek Forbort            45     1   2  2  

Last Minutes Offensive
   Center                   Left Wing                Right Wing               Defense                  Defense                  
   Drake Batherson          Jake Neighbours          Joel Farabee             Charles McAvoy           Erik Cernak              

Last Minutes Defensive
   Center                   Left Wing                Right Wing               Defense                  Defense                  
   Drake Batherson          Jake Neighbours          Joel Farabee             Charles McAvoy           Erik Cernak              

Goaltenders
Starting : Akira Schmid             
Backup : Connor Hellebuyck        

Extra Forwards
Normal : Mark Kastelic, Steven Lorentz, Jake Neighbours - PP : Mark Kastelic, Steven Lorentz - PK : Jake Neighbours
Extra Defensemen
Normal : Adam Boqvist, Alexandre Carrier, Connor Murphy - PP : Adam Boqvist - PK : Alexandre Carrier, Connor Murphy
Penalty Shots
Drake Batherson, Jake Neighbours, Joel Farabee, Wyatt Johnston, Isac Lundestrom
Custom OT Lines Forwards
Drake Batherson, Jake Neighbours, Joel Farabee, Wyatt Johnston, Isac Lundestrom, Steven Lorentz, Elmer Soderblom, Filip Zadina, Denis Malgin, Mark Kastelic
Custom OT Lines Defensemen
Charles McAvoy, Erik Cernak, Connor Murphy, Derek Forbort, Adam Boqvist

Scratches
Luke Kunin (Right Hand Injury), Evander Kane (Fractured Bone in Left Hand Injury)

SACRAMENTO BANDITS

5 vs 5 Forward 
   Center                   Left Wing                Right Wing               Time % Phy DF OF 
 1 Nico Hischier            David Perron             Patrick Kane             36     1   2  2  
 2 Mark Scheifele           Marcus Johansson         Blake Wheeler            31     1   2  2  
 3 Eetu Luostarinen         Jonathan Huberdeau       Alex Chiasson            23     1   2  2  
 4 Christian Fischer        Dominik Kubalik          Patrick Maroon           10     1   2  2  

5 vs 5 Defense 
   Defense                  Defense                                           Time % Phy DF OF 
 1 Ryan McDonagh            Marc-Edouard Vlasic                               36     1   2  2  
 2 Janis Moser              Rasmus Sandin                                     31     1   2  2  
 3 Dante Fabbro             Brendan Smith                                     23     1   2  2  
 4 Ryan McDonagh            Marc-Edouard Vlasic                               10     1   2  2  

PowerPlay Forward 
   Center                   Left Wing                Right Wing               Time % Phy DF OF 
 1 Nico Hischier            David Perron             Patrick Kane             55     1   2  2  
 2 Mark Scheifele           Marcus Johansson         Blake Wheeler            45     1   2  2  

PowerPlay Defense
   Defense                  Defense                                           Time % Phy DF OF 
 1 Ryan McDonagh            Marc-Edouard Vlasic                               55     1   2  2  
 2 Janis Moser              Rasmus Sandin                                     45     1   2  2  

Penalty Kill 4 Players Forward 
   Center                   Wing                     Time % Phy DF OF 
 1 Nico Hischier            Mark Scheifele           55     1   2  2  
 2 Patrick Kane             David Perron             45     1   2  2  

Penalty Kill 4 Players Defense
   Defense                  Defense                  Time % Phy DF OF 
 1 Ryan McDonagh            Marc-Edouard Vlasic      55     1   2  2  
 2 Janis Moser              Rasmus Sandin            45     1   2  2  

Penalty Kill - 3 Players Forward 
   Forward                                           Time % Phy DF OF 
 1 Nico Hischier                                     55     1   2  2  
 2 Mark Scheifele                                    45     1   2  2  

Penalty Kill - 3 Players Defense
   Defense                  Defense                  Time % Phy DF OF 
 1 Ryan McDonagh            Marc-Edouard Vlasic      55     1   2  2  
 2 Janis Moser              Rasmus Sandin            45     1   2  2  

4 vs 4 Forward 
   Center                   Wing                     Time % Phy DF OF 
 1 Blake Wheeler            Mark Scheifele           55     1   2  2  
 2 Patrick Kane             David Perron             45     1   2  2  

4 vs 4 Defense
   Defense                  Defense                  Time % Phy DF OF 
 1 Ryan McDonagh            Marc-Edouard Vlasic      55     1   2  2  
 2 Janis Moser              Rasmus Sandin            45     1   2  2  

Last Minutes Offensive
   Center                   Left Wing                Right Wing               Defense                  Defense                  
   Blake Wheeler            David Perron             Patrick Kane             Ryan McDonagh            Marc-Edouard Vlasic      

Last Minutes Defensive
   Center                   Left Wing                Right Wing               Defense                  Defense                  
   Blake Wheeler            David Perron             Patrick Kane             Ryan McDonagh            Marc-Edouard Vlasic      

Goaltenders
Starting : Louis Domingue           
Backup : Jean-Francois Berube     

Extra Forwards
Normal : Patrick Maroon, Jonathan Huberdeau, Eetu Luostarinen - PP : Patrick Maroon, Jonathan Huberdeau - PK : Eetu Luostarinen
Extra Defensemen
Normal : Dante Fabbro, Brendan Smith, Janis Moser - PP : Dante Fabbro - PK : Brendan Smith, Janis Moser
Penalty Shots
Blake Wheeler, Mark Scheifele, Patrick Kane, David Perron, Marcus Johansson
Custom OT Lines Forwards
Blake Wheeler, Mark Scheifele, Patrick Kane, David Perron, Marcus Johansson, Jonathan Huberdeau, Eetu Luostarinen, Dominik Kubalik, Christian Fischer, Patrick Maroon
Custom OT Lines Defensemen
Ryan McDonagh, Marc-Edouard Vlasic, Janis Moser, Rasmus Sandin, Dante Fabbro

Scratches
Danil Gushchin (Torn Left Knee Ligaments Injury), Jaroslav Halak (Broken Right Foot Toe Injury), Marc-Andre Fleury (Healthy)

% Time on Ice - SAN DIEGO THUNDER

Lines # - Real PCT - Wanted PCT - Time Play
Normal Forward
1 - 36% - 36% - 16:49
2 - 29% - 31% - 13:34
3 - 20% - 23% - 9:24
4 - 16% - 10% - 7:30
Normal Defense
1 - 34% - 36% - 16:07
2 - 33% - 31% - 15:41
3 - 30% - 23% - 14:07
4 - 3% - 10% - 1:22
PP Forward
1 - 47% - 55% - 2:48
2 - 53% - 45% - 3:09
PP Defense
1 - 36% - 55% - 2:10
2 - 64% - 45% - 3:47
PK Forward
1 - 63% - 55% - 4:15
2 - 37% - 45% - 2:31
PK Defense
1 - 65% - 55% - 4:25
2 - 35% - 45% - 2:21
PK3 Forward
1 - 0% - 55%
2 - 0% - 45%
PK3 Defense
1 - 0% - 55%
2 - 0% - 45%
44 Forward
1 - 0% - 55%
2 - 0% - 45%
44 Defense
1 - 0% - 55%
2 - 0% - 45%
Last Minute Offensive  - 0:00
Last Minute Defensive  - 0:00
Total
Forward - 60:00
Defense - 60:00

% Time on Ice - SACRAMENTO BANDITS

Lines # - Real PCT - Wanted PCT - Time Play
Normal Forward
1 - 34% - 36% - 16:17
2 - 31% - 31% - 14:40
3 - 24% - 23% - 11:32
4 - 10% - 10% - 4:48
Normal Defense
1 - 33% - 36% - 15:48
2 - 34% - 31% - 15:51
3 - 31% - 23% - 14:38
4 - 2% - 10% - 1:00
PP Forward
1 - 59% - 55% - 3:59
2 - 41% - 45% - 2:47
PP Defense
1 - 50% - 55% - 3:23
2 - 50% - 45% - 3:23
PK Forward
1 - 49% - 55% - 2:55
2 - 51% - 45% - 3:02
PK Defense
1 - 58% - 55% - 3:26
2 - 42% - 45% - 2:31
PK3 Forward
1 - 0% - 55%
2 - 0% - 45%
PK3 Defense
1 - 0% - 55%
2 - 0% - 45%
44 Forward
1 - 0% - 55%
2 - 0% - 45%
44 Defense
1 - 0% - 55%
2 - 0% - 45%
Last Minute Offensive  - 0:00
Last Minute Defensive  - 0:00
Total
Forward - 60:00
Defense - 60:00

Play-by-Play

1st period


0:01 of 1st period - Nico Hischier wins face-off versus Drake Batherson in neutral zone.
0:04 of 1st period - Shot by Patrick Kane.
0:04 of 1st period - Shot Blocked by Erik Cernak.
0:52 of 1st period - Icing by Marc-Edouard Vlasic.
0:53 of 1st period - Nico Hischier wins face-off versus Wyatt Johnston in SACRAMENTO BANDITS zone.
1:15 of 1st period - Shot by Mark Scheifele.
1:15 of 1st period - Stopped by Akira Schmid without a rebound.
1:16 of 1st period - Steven Lorentz wins face-off versus Eetu Luostarinen in SAN DIEGO THUNDER zone.
1:16 of 1st period - Steven Lorentz is hit by Eetu Luostarinen.
1:34 of 1st period - Shot by Jonathan Huberdeau.
1:34 of 1st period - Shot Misses the Net.
1:36 of 1st period - Shot by Brendan Smith.
1:36 of 1st period - Shot Misses the Net.
1:38 of 1st period - Shot by Jonathan Huberdeau.
1:38 of 1st period - Stopped by Akira Schmid without a rebound.
1:39 of 1st period - Mark Scheifele wins face-off versus Wyatt Johnston in SAN DIEGO THUNDER zone.
1:39 of 1st period - Mark Scheifele is hit by Connor Murphy.
1:49 of 1st period - Shot by Wyatt Johnston.
1:49 of 1st period - Shot Blocked by Janis Moser.
1:51 of 1st period - Shot by Joel Farabee.
1:51 of 1st period - Shot Misses the Net.
1:53 of 1st period - Shot by Wyatt Johnston.
1:53 of 1st period - Stopped by Louis Domingue without a rebound.
1:54 of 1st period - Mark Kastelic wins face-off versus Christian Fischer in SACRAMENTO BANDITS zone.
2:21 of 1st period - Shot by Erik Cernak.
2:21 of 1st period - Deflect By Filip Zadina.
2:21 of 1st period - Stopped by Louis Domingue without a rebound.
2:22 of 1st period - Wyatt Johnston wins face-off versus Mark Scheifele in SACRAMENTO BANDITS zone.
2:41 of 1st period - Off-side.
2:42 of 1st period - Drake Batherson wins face-off versus Eetu Luostarinen in neutral zone.
2:55 of 1st period - Janis Moser is hit by Frank Vatrano and loses puck.
3:03 of 1st period - Eetu Luostarinen is hit by Drake Batherson and loses puck.
3:04 of 1st period - Minor Penalty to Connor Murphy for High sticking.
3:05 of 1st period - Nico Hischier wins face-off versus Drake Batherson in SAN DIEGO THUNDER zone.
3:24 of 1st period - Shot by Patrick Kane.
3:24 of 1st period - Shot Blocked by Charles McAvoy.
3:26 of 1st period - Shot by Nico Hischier.
3:26 of 1st period - Shot Misses the Net.
3:28 of 1st period - Shot by Patrick Kane.
3:28 of 1st period - Shot Misses the Net.
4:23 of 1st period - Shot by Marcus Johansson.
4:23 of 1st period - Goal by Marcus Johansson - SAN DIEGO THUNDER : 0 - SACRAMENTO BANDITS : 1.
4:24 of 1st period - Mark Kastelic wins face-off versus Eetu Luostarinen in neutral zone.
5:09 of 1st period - Connor Murphy is hit by Jonathan Huberdeau and loses puck.
5:22 of 1st period - Shot by David Perron.
5:22 of 1st period - Shot Misses the Net.
5:24 of 1st period - Shot by Janis Moser.
5:24 of 1st period - Shot Misses the Net.
5:26 of 1st period - Shot by Rasmus Sandin.
5:26 of 1st period - Deflect By Nico Hischier.
5:26 of 1st period - Goal by Nico Hischier - SAN DIEGO THUNDER : 0 - SACRAMENTO BANDITS : 2.
5:27 of 1st period - Wyatt Johnston wins face-off versus Mark Scheifele in neutral zone.
5:44 of 1st period - Shot by Joel Farabee.
5:44 of 1st period - Stopped by Louis Domingue without a rebound.
5:45 of 1st period - Patrick Kane wins face-off versus Drake Batherson in SACRAMENTO BANDITS zone.
5:45 of 1st period - Patrick Kane is hit by Frank Vatrano.
6:07 of 1st period - Shot by David Perron.
6:07 of 1st period - Stopped by Akira Schmid with a rebound.
6:09 of 1st period - Shot by Nico Hischier.
6:09 of 1st period - Shot Misses the Net.
6:11 of 1st period - Shot by David Perron.
6:11 of 1st period - Shot Blocked by Alexandre Carrier.
6:15 of 1st period - Shot by Nico Hischier.
6:15 of 1st period - Shot Misses the Net.
6:17 of 1st period - Shot by Janis Moser.
6:17 of 1st period - Shot Blocked by Isac Lundestrom.
6:19 of 1st period - Shot by Rasmus Sandin.
6:19 of 1st period - Shot Misses the Net.
7:48 of 1st period - Icing by Marc-Edouard Vlasic.
7:49 of 1st period - Mark Scheifele wins face-off versus Mark Kastelic in SACRAMENTO BANDITS zone.
8:11 of 1st period - Shot by Filip Zadina.
8:11 of 1st period - Shot Blocked by Ryan McDonagh.
8:13 of 1st period - Shot by Mark Kastelic.
8:13 of 1st period - Shot Misses the Net.
8:22 of 1st period - Shot by Derek Forbort.
8:22 of 1st period - Stopped by Louis Domingue without a rebound.
8:23 of 1st period - Nico Hischier wins face-off versus Isac Lundestrom in SACRAMENTO BANDITS zone.
8:34 of 1st period - Shot by Patrick Kane.
8:34 of 1st period - Stopped by Akira Schmid with a rebound.
8:36 of 1st period - Shot by David Perron.
8:36 of 1st period - Stopped by Akira Schmid without a rebound.
8:37 of 1st period - Wyatt Johnston wins face-off versus Christian Fischer in SAN DIEGO THUNDER zone.
8:37 of 1st period - Jake Neighbours is hit by Patrick Maroon and loses puck.
8:43 of 1st period - Alexandre Carrier is hit by Patrick Maroon and loses puck.
8:56 of 1st period - Shot by Joel Farabee.
8:56 of 1st period - Goal by Joel Farabee - SAN DIEGO THUNDER : 1 - SACRAMENTO BANDITS : 2.
8:57 of 1st period - David Perron wins face-off versus Steven Lorentz in neutral zone.
8:57 of 1st period - Nico Hischier is hit by Steven Lorentz and loses puck.
9:04 of 1st period - Shot by Patrick Kane.
9:04 of 1st period - Goal by Patrick Kane - SAN DIEGO THUNDER : 1 - SACRAMENTO BANDITS : 3.
9:05 of 1st period - Nico Hischier wins face-off versus Steven Lorentz in neutral zone.
9:10 of 1st period - Nico Hischier is hit by Erik Cernak and loses puck.
9:20 of 1st period - Off-side.
9:21 of 1st period - Eetu Luostarinen wins face-off versus Drake Batherson in neutral zone.
9:34 of 1st period - Shot by Eetu Luostarinen.
9:34 of 1st period - Stopped by Akira Schmid without a rebound.
9:35 of 1st period - Nico Hischier wins face-off versus Steven Lorentz in SAN DIEGO THUNDER zone.
9:47 of 1st period - Icing by Rasmus Sandin.
9:48 of 1st period - Nico Hischier wins face-off versus Drake Batherson in SACRAMENTO BANDITS zone.
9:57 of 1st period - Shot by David Perron.
9:57 of 1st period - Shot Misses the Net.
10:19 of 1st period - Shot by Drake Batherson.
10:19 of 1st period - Shot Hit the Post.
11:26 of 1st period - Icing by Marc-Edouard Vlasic.
11:27 of 1st period - Eetu Luostarinen wins face-off versus Steven Lorentz in SACRAMENTO BANDITS zone.
11:51 of 1st period - Shot by Steven Lorentz.
11:51 of 1st period - Stopped by Louis Domingue without a rebound.
11:52 of 1st period - Nico Hischier wins face-off versus Wyatt Johnston in SACRAMENTO BANDITS zone.
12:12 of 1st period - Nico Hischier is hit by Alexandre Carrier and loses puck.
12:33 of 1st period - Shot by Joel Farabee.
12:33 of 1st period - Stopped by Louis Domingue with a rebound.
13:27 of 1st period - Shot by Mark Scheifele.
13:27 of 1st period - Shot Blocked by Charles McAvoy.
14:33 of 1st period - Minor Penalty to Patrick Maroon for Hooking.
14:34 of 1st period - Nico Hischier wins face-off versus Wyatt Johnston in SACRAMENTO BANDITS zone.
14:42 of 1st period - Off-side.
14:43 of 1st period - Nico Hischier wins face-off versus Frank Vatrano in neutral zone.
14:52 of 1st period - Shot by Frank Vatrano.
14:52 of 1st period - Shot Blocked by Janis Moser.
16:07 of 1st period - Shot by Drake Batherson.
16:07 of 1st period - Stopped by Louis Domingue without a rebound.
16:08 of 1st period - Patrick Kane wins face-off versus Frank Vatrano in SACRAMENTO BANDITS zone.
16:21 of 1st period - Marc-Edouard Vlasic is hit by Frank Vatrano and loses puck.
16:34 of 1st period - Shot by Frank Vatrano.
16:34 of 1st period - Stopped by Louis Domingue with a rebound.
16:49 of 1st period - Shot by Joel Farabee.
16:49 of 1st period - Stopped by Louis Domingue with a rebound.
16:51 of 1st period - Shot by Alexandre Carrier.
16:51 of 1st period - Shot Misses the Net.
17:01 of 1st period - Shot by Drake Batherson.
17:01 of 1st period - Deflect By Joel Farabee.
17:01 of 1st period - Shot Misses the Net.
18:08 of 1st period - Shot by Frank Vatrano.
18:08 of 1st period - Deflect By Drake Batherson.
18:08 of 1st period - Stopped by Louis Domingue with a rebound.
18:22 of 1st period - Shot by Wyatt Johnston.
18:22 of 1st period - Shot Misses the Net.
18:24 of 1st period - Shot by Wyatt Johnston.
18:24 of 1st period - Stopped by Louis Domingue without a rebound.
18:25 of 1st period - Nico Hischier wins face-off versus Wyatt Johnston in SACRAMENTO BANDITS zone.
18:48 of 1st period - Shot by Nico Hischier.
18:48 of 1st period - Stopped by Akira Schmid without a rebound.
18:49 of 1st period - Christian Fischer wins face-off versus Steven Lorentz in SAN DIEGO THUNDER zone.
19:15 of 1st period - Icing by Adam Boqvist.
19:16 of 1st period - David Perron wins face-off versus Steven Lorentz in SAN DIEGO THUNDER zone.
19:27 of 1st period - Shot by Patrick Kane.
19:27 of 1st period - Shot Misses the Net.
19:55 of 1st period - Shot by David Perron.
19:55 of 1st period - Deflect By Nico Hischier.
19:55 of 1st period - Shot Misses the Net.
19:57 of 1st period - Shot by Ryan McDonagh.
19:57 of 1st period - Stopped by Akira Schmid without a rebound.
19:58 of 1st period - Mark Scheifele wins face-off versus Wyatt Johnston in SAN DIEGO THUNDER zone.
Goals for this period are 1 for SAN DIEGO THUNDER vs 3 for SACRAMENTO BANDITS.
Shots for this period are 12 for SAN DIEGO THUNDER vs 11 for SACRAMENTO BANDITS.

2nd period


0:01 of 2nd period - Mark Scheifele wins face-off versus Drake Batherson in neutral zone.
0:31 of 2nd period - Icing by Charles McAvoy.
0:32 of 2nd period - Nico Hischier wins face-off versus Drake Batherson in SAN DIEGO THUNDER zone.
1:06 of 2nd period - Nico Hischier is hit by Jake Neighbours and loses puck.
1:13 of 2nd period - Shot by Patrick Kane.
1:13 of 2nd period - Deflect By Nico Hischier.
1:13 of 2nd period - Stopped by Akira Schmid without a rebound.
1:14 of 2nd period - Blake Wheeler wins face-off versus Elmer Soderblom in SAN DIEGO THUNDER zone.
1:21 of 2nd period - Shot by Marcus Johansson.
1:21 of 2nd period - Stopped by Akira Schmid without a rebound.
1:22 of 2nd period - Mark Scheifele wins face-off versus Wyatt Johnston in SAN DIEGO THUNDER zone.
1:25 of 2nd period - Shot by Blake Wheeler.
1:25 of 2nd period - Shot Misses the Net.
1:41 of 2nd period - Icing by Joel Farabee.
1:42 of 2nd period - Nico Hischier wins face-off versus Joel Farabee in SAN DIEGO THUNDER zone.
1:43 of 2nd period - Shot by Patrick Kane.
1:43 of 2nd period - Shot Misses the Net.
1:45 of 2nd period - Shot by Brendan Smith.
1:45 of 2nd period - Stopped by Akira Schmid with a rebound.
1:57 of 2nd period - Derek Forbort is hit by David Perron and loses puck.
3:04 of 2nd period - Mark Scheifele is hit by Erik Cernak and loses puck.
3:41 of 2nd period - Shot by Steven Lorentz.
3:41 of 2nd period - Stopped by Louis Domingue without a rebound.
3:42 of 2nd period - Mark Kastelic wins face-off versus Patrick Maroon in SACRAMENTO BANDITS zone.
4:25 of 2nd period - Derek Forbort is hit by Patrick Maroon and loses puck.
4:56 of 2nd period - Shot by Jonathan Huberdeau.
4:56 of 2nd period - Shot Misses the Net.
5:09 of 2nd period - Shot by Eetu Luostarinen.
5:09 of 2nd period - Stopped by Akira Schmid without a rebound.
5:10 of 2nd period - Nico Hischier wins face-off versus Drake Batherson in SAN DIEGO THUNDER zone.
5:10 of 2nd period - Nico Hischier is hit by Erik Cernak.
5:11 of 2nd period - Minor Penalty to Erik Cernak for Slashing.
5:12 of 2nd period - Drake Batherson wins face-off versus Nico Hischier in SAN DIEGO THUNDER zone.
6:34 of 2nd period - Shot by Janis Moser.
6:34 of 2nd period - Stopped by Akira Schmid with a rebound.
6:36 of 2nd period - Shot by Blake Wheeler.
6:36 of 2nd period - Deflect By Mark Scheifele.
6:36 of 2nd period - Stopped by Akira Schmid without a rebound.
6:37 of 2nd period - Mark Scheifele wins face-off versus Joel Farabee in SAN DIEGO THUNDER zone.
6:38 of 2nd period - Shot by Blake Wheeler.
6:38 of 2nd period - Shot Blocked by Adam Boqvist.
6:40 of 2nd period - Shot by Blake Wheeler.
6:40 of 2nd period - Goal by Blake Wheeler - SAN DIEGO THUNDER : 1 - SACRAMENTO BANDITS : 4.
6:41 of 2nd period - Mark Kastelic wins face-off versus Eetu Luostarinen in neutral zone.
7:19 of 2nd period - Icing by Brendan Smith.
7:20 of 2nd period - Eetu Luostarinen wins face-off versus Drake Batherson in SACRAMENTO BANDITS zone.
7:20 of 2nd period - Eetu Luostarinen is hit by Drake Batherson.
7:23 of 2nd period - Jonathan Huberdeau is hit by Frank Vatrano and loses puck.
7:38 of 2nd period - Shot by Drake Batherson.
7:38 of 2nd period - Shot Blocked by Brendan Smith.
7:42 of 2nd period - Shot by Isac Lundestrom.
7:42 of 2nd period - Stopped by Louis Domingue with a rebound.
7:44 of 2nd period - Shot by Derek Forbort.
7:44 of 2nd period - Shot Blocked by Brendan Smith.
7:46 of 2nd period - Shot by Isac Lundestrom.
7:46 of 2nd period - Shot Misses the Net.
7:54 of 2nd period - Shot by Frank Vatrano.
7:54 of 2nd period - Stopped by Louis Domingue with a rebound.
8:44 of 2nd period - Shot by Jake Neighbours.
8:44 of 2nd period - Shot Misses the Net.
9:09 of 2nd period - Steven Lorentz is hit by Ryan McDonagh and loses puck.
9:45 of 2nd period - Icing by Alexandre Carrier.
9:46 of 2nd period - Mark Scheifele wins face-off versus Steven Lorentz in SAN DIEGO THUNDER zone.
10:20 of 2nd period - Icing by Rasmus Sandin.
10:21 of 2nd period - Mark Scheifele wins face-off versus Wyatt Johnston in SACRAMENTO BANDITS zone.
10:21 of 2nd period - Mark Scheifele is hit by Jake Neighbours.
10:44 of 2nd period - Off-side.
10:45 of 2nd period - Drake Batherson wins face-off versus Christian Fischer in neutral zone.
11:05 of 2nd period - Icing by Dante Fabbro.
11:06 of 2nd period - Christian Fischer wins face-off versus Wyatt Johnston in SACRAMENTO BANDITS zone.
11:25 of 2nd period - Erik Cernak is hit by Brendan Smith and loses puck.
11:44 of 2nd period - Charles McAvoy is hit by Patrick Maroon.
12:30 of 2nd period - Shot by Drake Batherson.
12:30 of 2nd period - Stopped by Louis Domingue without a rebound.
12:31 of 2nd period - Mark Scheifele wins face-off versus Steven Lorentz in SACRAMENTO BANDITS zone.
12:33 of 2nd period - Icing by Blake Wheeler.
12:34 of 2nd period - Steven Lorentz wins face-off versus Mark Scheifele in SACRAMENTO BANDITS zone.
12:42 of 2nd period - Icing by Janis Moser.
12:43 of 2nd period - Mark Kastelic wins face-off versus Mark Scheifele in SACRAMENTO BANDITS zone.
13:02 of 2nd period - Shot by Mark Scheifele.
13:02 of 2nd period - Stopped by Akira Schmid without a rebound.
13:03 of 2nd period - Nico Hischier wins face-off versus Isac Lundestrom in SAN DIEGO THUNDER zone.
13:08 of 2nd period - Shot by Patrick Kane.
13:08 of 2nd period - Shot Misses the Net.
13:11 of 2nd period - Icing by Derek Forbort.
13:12 of 2nd period - Nico Hischier wins face-off versus Drake Batherson in SAN DIEGO THUNDER zone.
13:41 of 2nd period - Shot by Drake Batherson.
13:41 of 2nd period - Stopped by Louis Domingue with a rebound.
13:43 of 2nd period - Shot by Connor Murphy.
13:43 of 2nd period - Shot Misses the Net.
13:45 of 2nd period - Shot by Connor Murphy.
13:45 of 2nd period - Shot Blocked by Marc-Edouard Vlasic.
13:46 of 2nd period - Minor Penalty to Marc-Edouard Vlasic for Hooking.
13:47 of 2nd period - Nico Hischier wins face-off versus Drake Batherson in SACRAMENTO BANDITS zone.
13:47 of 2nd period - Nico Hischier is hit by Joel Farabee.
14:37 of 2nd period - Shot by Frank Vatrano.
14:37 of 2nd period - Stopped by Louis Domingue without a rebound.
14:38 of 2nd period - Nico Hischier wins face-off versus Wyatt Johnston in SACRAMENTO BANDITS zone.
14:47 of 2nd period - Shot by Isac Lundestrom.
14:47 of 2nd period - Stopped by Louis Domingue without a rebound.
14:48 of 2nd period - Nico Hischier wins face-off versus Wyatt Johnston in SACRAMENTO BANDITS zone.
15:21 of 2nd period - Brendan Smith is hit by Frank Vatrano and loses puck.
15:52 of 2nd period - Shot by Mark Kastelic.
15:52 of 2nd period - Stopped by Louis Domingue without a rebound.
15:53 of 2nd period - Mark Kastelic wins face-off versus Eetu Luostarinen in SACRAMENTO BANDITS zone.
16:25 of 2nd period - Shot by Michael Pezzetta.
16:25 of 2nd period - Stopped by Louis Domingue without a rebound.
16:26 of 2nd period - Mark Scheifele wins face-off versus Jake Neighbours in SACRAMENTO BANDITS zone.
16:33 of 2nd period - Icing by Joel Farabee.
16:34 of 2nd period - Wyatt Johnston wins face-off versus Mark Scheifele in SAN DIEGO THUNDER zone.
16:34 of 2nd period - Wyatt Johnston is hit by Blake Wheeler.
16:43 of 2nd period - Minor Penalty to Ryan McDonagh for Tripping.
16:44 of 2nd period - Nico Hischier wins face-off versus Drake Batherson in SACRAMENTO BANDITS zone.
16:44 of 2nd period - Nico Hischier is hit by Drake Batherson.
16:56 of 2nd period - Charles McAvoy is hit by Nico Hischier and loses puck.
17:12 of 2nd period - Shot by Joel Farabee.
17:12 of 2nd period - Deflect By Drake Batherson.
17:12 of 2nd period - Shot Blocked by Nico Hischier.
18:54 of 2nd period - Shot by Eetu Luostarinen.
18:54 of 2nd period - Shot Misses the Net.
18:59 of 2nd period - Off-side.
19:00 of 2nd period - Mark Scheifele wins face-off versus Mark Kastelic in neutral zone.
19:08 of 2nd period - Shot by Michael Pezzetta.
19:08 of 2nd period - Shot Misses the Net.
Goals for this period are 0 for SAN DIEGO THUNDER vs 1 for SACRAMENTO BANDITS.
Shots for this period are 9 for SAN DIEGO THUNDER vs 8 for SACRAMENTO BANDITS.

3rd period


0:01 of 3rd period - Nico Hischier wins face-off versus Drake Batherson in neutral zone.
0:25 of 3rd period - Ryan McDonagh is hit by Frank Vatrano and loses puck.
1:28 of 3rd period - Shot by Mark Scheifele.
1:28 of 3rd period - Deflect By Marcus Johansson.
1:28 of 3rd period - Shot Misses the Net.
1:37 of 3rd period - Off-side.
1:38 of 3rd period - Steven Lorentz wins face-off versus Eetu Luostarinen in neutral zone.
1:54 of 3rd period - Icing by Dante Fabbro.
1:55 of 3rd period - Alex Chiasson wins face-off versus Wyatt Johnston in SACRAMENTO BANDITS zone.
2:02 of 3rd period - Shot by Jonathan Huberdeau.
2:02 of 3rd period - Stopped by Akira Schmid with a rebound.
2:04 of 3rd period - Shot by Brendan Smith.
2:04 of 3rd period - Shot Misses the Net.
4:08 of 3rd period - Shot by Charles McAvoy.
4:08 of 3rd period - Stopped by Louis Domingue without a rebound.
4:09 of 3rd period - Drake Batherson wins face-off versus Christian Fischer in SACRAMENTO BANDITS zone.
4:23 of 3rd period - Dominik Kubalik is hit by Erik Cernak and loses puck.
5:10 of 3rd period - Shot by Nico Hischier.
5:10 of 3rd period - Deflect By David Perron.
5:10 of 3rd period - Stopped by Akira Schmid without a rebound.
5:11 of 3rd period - Mark Scheifele wins face-off versus Steven Lorentz in SAN DIEGO THUNDER zone.
6:12 of 3rd period - Shot by Nico Hischier.
6:12 of 3rd period - Shot Misses the Net.
6:50 of 3rd period - Shot by Patrick Kane.
6:50 of 3rd period - Shot Misses the Net.
6:56 of 3rd period - Shot by Joel Farabee.
6:56 of 3rd period - Deflect By Wyatt Johnston.
6:56 of 3rd period - Shot Blocked by Nico Hischier.
6:58 of 3rd period - Shot by Wyatt Johnston.
6:58 of 3rd period - Stopped by Louis Domingue without a rebound.
6:59 of 3rd period - Drake Batherson wins face-off versus Eetu Luostarinen in SACRAMENTO BANDITS zone.
7:04 of 3rd period - Shot by Charles McAvoy.
7:04 of 3rd period - Shot Misses the Net.
7:06 of 3rd period - Shot by Frank Vatrano.
7:06 of 3rd period - Deflect By Drake Batherson.
7:06 of 3rd period - Shot Misses the Net.
8:08 of 3rd period - Shot by Joel Farabee.
8:08 of 3rd period - Stopped by Louis Domingue with a rebound.
8:10 of 3rd period - Shot by Joel Farabee.
8:10 of 3rd period - Deflect By Wyatt Johnston.
8:10 of 3rd period - Stopped by Louis Domingue without a rebound.
8:11 of 3rd period - Wyatt Johnston wins face-off versus Nico Hischier in SACRAMENTO BANDITS zone.
8:41 of 3rd period - Off-side.
8:42 of 3rd period - Mark Kastelic wins face-off versus Mark Scheifele in neutral zone.
9:17 of 3rd period - Shot by Blake Wheeler.
9:17 of 3rd period - Stopped by Akira Schmid with a rebound.
10:25 of 3rd period - Shot by Frank Vatrano.
10:25 of 3rd period - Stopped by Louis Domingue without a rebound.
10:26 of 3rd period - Eetu Luostarinen wins face-off versus Wyatt Johnston in SACRAMENTO BANDITS zone.
10:26 of 3rd period - Jonathan Huberdeau is hit by Jake Neighbours and loses puck.
10:56 of 3rd period - Minor Penalty to Connor Murphy for Boarding.
10:57 of 3rd period - Mark Scheifele wins face-off versus Drake Batherson in SAN DIEGO THUNDER zone.
10:58 of 3rd period - Shot by Marcus Johansson.
10:58 of 3rd period - Shot Blocked by Charles McAvoy.
11:00 of 3rd period - Shot by Marcus Johansson.
11:00 of 3rd period - Shot Misses the Net.
11:02 of 3rd period - Shot by Ryan McDonagh.
11:02 of 3rd period - Stopped by Akira Schmid with a rebound.
11:04 of 3rd period - Shot by Marc-Edouard Vlasic.
11:04 of 3rd period - Shot Misses the Net.
11:21 of 3rd period - Icing by Ryan McDonagh.
11:22 of 3rd period - Mark Scheifele wins face-off versus Drake Batherson in SACRAMENTO BANDITS zone.
11:53 of 3rd period - Shot by Ryan McDonagh.
11:53 of 3rd period - Stopped by Akira Schmid without a rebound.
11:54 of 3rd period - Nico Hischier wins face-off versus Joel Farabee in SAN DIEGO THUNDER zone.
12:57 of 3rd period - Shot by Eetu Luostarinen.
12:57 of 3rd period - Deflect By Jonathan Huberdeau.
12:57 of 3rd period - Stopped by Akira Schmid without a rebound.
12:58 of 3rd period - Mark Scheifele wins face-off versus Michael Pezzetta in SAN DIEGO THUNDER zone.
13:03 of 3rd period - Shot by Marcus Johansson.
13:03 of 3rd period - Stopped by Akira Schmid without a rebound.
13:04 of 3rd period - Mark Scheifele wins face-off versus Drake Batherson in SAN DIEGO THUNDER zone.
14:06 of 3rd period - Icing by Brendan Smith.
14:07 of 3rd period - Wyatt Johnston wins face-off versus Eetu Luostarinen in SACRAMENTO BANDITS zone.
14:36 of 3rd period - Shot by Joel Farabee.
14:36 of 3rd period - Stopped by Louis Domingue without a rebound.
14:37 of 3rd period - Nico Hischier wins face-off versus Filip Zadina in SACRAMENTO BANDITS zone.
14:37 of 3rd period - Nico Hischier is hit by Elmer Soderblom.
14:42 of 3rd period - Minor Penalty to Elmer Soderblom for Hooking.
14:43 of 3rd period - Nico Hischier wins face-off versus Drake Batherson in SAN DIEGO THUNDER zone.
14:48 of 3rd period - Shot by Janis Moser.
14:48 of 3rd period - Shot Misses the Net.
15:22 of 3rd period - Shot by David Perron.
15:22 of 3rd period - Stopped by Akira Schmid without a rebound.
15:23 of 3rd period - Mark Scheifele wins face-off versus Joel Farabee in SAN DIEGO THUNDER zone.
15:28 of 3rd period - Shot by Mark Scheifele.
15:28 of 3rd period - Deflect By Marcus Johansson.
15:28 of 3rd period - Stopped by Akira Schmid without a rebound.
15:29 of 3rd period - Marcus Johansson wins face-off versus Joel Farabee in SAN DIEGO THUNDER zone.
15:29 of 3rd period - Mark Scheifele is hit by Connor Murphy and loses puck.
16:04 of 3rd period - Shot by Marcus Johansson.
16:04 of 3rd period - Shot Misses the Net.
16:06 of 3rd period - Shot by Blake Wheeler.
16:06 of 3rd period - Stopped by Akira Schmid without a rebound.
16:06 of 3rd period - Akira Schmid from SAN DIEGO THUNDER is injured at 16:06 of 3rd period (Back Spasms).
16:06 of 3rd period - Connor Hellebuyck enters game.
16:07 of 3rd period - Nico Hischier wins face-off versus Drake Batherson in SAN DIEGO THUNDER zone.
16:16 of 3rd period - Shot by Patrick Kane.
16:16 of 3rd period - Stopped by Connor Hellebuyck without a rebound.
16:17 of 3rd period - Drake Batherson wins face-off versus Nico Hischier in SAN DIEGO THUNDER zone.
16:34 of 3rd period - Shot by Nico Hischier.
16:34 of 3rd period - Stopped by Connor Hellebuyck with a rebound.
16:36 of 3rd period - Shot by Rasmus Sandin.
16:36 of 3rd period - Shot Blocked by Steven Lorentz.
16:51 of 3rd period - Shot by Eetu Luostarinen.
16:51 of 3rd period - Stopped by Connor Hellebuyck with a rebound.
16:53 of 3rd period - Shot by Brendan Smith.
16:53 of 3rd period - Shot Blocked by Joel Farabee.
16:55 of 3rd period - Shot by Eetu Luostarinen.
16:55 of 3rd period - Shot Blocked by Alexandre Carrier.
17:08 of 3rd period - Eetu Luostarinen is hit by Adam Boqvist and loses puck.
17:12 of 3rd period - Alex Chiasson is hit by Alexandre Carrier and loses puck.
17:21 of 3rd period - Shot by Eetu Luostarinen.
17:21 of 3rd period - Stopped by Connor Hellebuyck without a rebound.
17:22 of 3rd period - Nico Hischier wins face-off versus Drake Batherson in SAN DIEGO THUNDER zone.
18:28 of 3rd period - Off-side.
18:29 of 3rd period - Mark Scheifele wins face-off versus Wyatt Johnston in neutral zone.
18:41 of 3rd period - Shot by Blake Wheeler.
18:41 of 3rd period - Stopped by Connor Hellebuyck without a rebound.
18:42 of 3rd period - Eetu Luostarinen wins face-off versus Steven Lorentz in SAN DIEGO THUNDER zone.
18:45 of 3rd period - Shot by Jonathan Huberdeau.
18:45 of 3rd period - Stopped by Connor Hellebuyck with a rebound.
18:47 of 3rd period - Shot by Eetu Luostarinen.
18:47 of 3rd period - Stopped by Connor Hellebuyck without a rebound.
18:48 of 3rd period - Jake Neighbours wins face-off versus Mark Scheifele in SAN DIEGO THUNDER zone.
18:48 of 3rd period - Jake Neighbours is hit by Blake Wheeler.
19:04 of 3rd period - Shot by Mark Scheifele.
19:04 of 3rd period - Stopped by Connor Hellebuyck without a rebound.
19:05 of 3rd period - Nico Hischier wins face-off versus Drake Batherson in SAN DIEGO THUNDER zone.
19:36 of 3rd period - Shot by Nico Hischier.
19:36 of 3rd period - Shot Misses the Net.
19:47 of 3rd period - Off-side.
19:48 of 3rd period - Wyatt Johnston wins face-off versus Mark Scheifele in neutral zone.
19:50 of 3rd period - Off-side.
19:51 of 3rd period - Mark Scheifele wins face-off versus Wyatt Johnston in neutral zone.
19:56 of 3rd period - Icing by Joel Farabee.
19:57 of 3rd period - Wyatt Johnston wins face-off versus Mark Scheifele in SAN DIEGO THUNDER zone.
Goals for this period are 0 for SAN DIEGO THUNDER vs 0 for SACRAMENTO BANDITS.
Shots for this period are 6 for SAN DIEGO THUNDER vs 18 for SACRAMENTO BANDITS.


BLAKE
WHEELER
STEVEN
STAMKOS
DREW
DOUGHTY

EAST COAST

HOCKEY LEAGUE

  • 63.RHI2PIT5
  • 64.WOR4ATL3
  • 65.QUECHW
  • 66.CHATRV